Cogmind - Beta 13 @@@ ROGUE MODE // 2024.06.16 @ 19:17:25 Player: block30 Result: Destroyed by Y-45 Defender with Heavy Assault Rifle Performance ------------- Evolutions (1) 500 Regions Visited (3) 600 Robots Destroyed (21) 105 Value Destroyed (679) 679 Prototype IDs (1) 20 Alien Tech Used (0) 0 Bonus (0) 0 TOTAL SCORE: 1904 Bonus ------- None Cogmind --------- Core Integrity 0/400 Matter 270/300 Energy 100/100 System Corruption 0% Temperature Cool (9) Movement Core (100) Ox1 Location -9/Storage Parts ------- > --- POWER (2) -------- (None) > --- PROPULSION (2) --- (None) > --- UTILITY (3) ------ Small Storage Unit > --- WEAPON (2) ------- (None) > --- INVENTORY (8) ---- Heat Sink Visual Processing Unit Shield Generator Hammer Peak State ------------ > --- POWER ------------ Ion Engine Ion Engine > --- PROPULSION ------- Aluminum Leg Aluminum Leg > --- UTILITY ---------- Small Storage Unit Seismic Detector Light Armor Plating > --- WEAPON ----------- Particle Gun Improved Light Cannon > --- INVENTORY -------- Heat Sink Visual Processing Unit Shield Generator Small Laser Improved Medium Laser Improved Medium Laser Grenade Launcher Hammer [Rating: 12] Favorites ----------- Power Ion Engine Engine Ion Engine Propulsion Aluminum Leg Treads Light Treads Leg Aluminum Leg Hover Unit Improved Hover Unit Utility Small Storage Unit Device Seismic Detector Storage Small Storage Unit Protection Light Armor Plating Weapon Small Laser Energy Gun Small Laser Ballistic Cannon Improved Light Cannon Launcher Grenade Launcher Impact Weapon Hammer Slashing Weapon Mining Claw Build | -11 -10 -9 -9 ------- Run | Yrd Mat Mat Sto Slots Evolved 2 | . . 2 . Power 1 | . . 1 . Propulsion . | . . . . Utility 1 | . . 1 . Weapon . | . . . . Parts Attached 37 | 6 1 8 22 Power 4 | 1 . 2 1 Engine 4 | 1 . 2 1 Core . | . . . . Reactor . | . . . . Propulsion 9 | 2 . 2 5 Treads 1 | . . . 1 Leg 6 | 2 . 2 2 Wheel . | . . . . Hover 2 | . . . 2 Flight . | . . . . Utility 3 | 1 1 1 . Device 1 | . 1 . . Storage 1 | 1 . . . Processor . | . . . . Hackware . | . . . . Protection 1 | . . 1 . Artifact . | . . . . Weapon 21 | 2 . 3 16 Energy Gun 12 | 2 . 2 8 Energy Cannon . | . . . . Ballistic Gun . | . . . . Ballistic Cannon 1 | . . 1 . Launcher 2 | . . . 2 Special Weapon . | . . . . Impact Weapon 5 | . . . 5 Slashing Weapon 1 | . . . 1 Piercing Weapon . | . . . . Special Melee Weapon . | . . . . Unidentified Prototypes 1 | . . . 1 Parts Lost 16 | . . 2 14 Power 3 | . . . 3 Propulsion 6 | . . . 6 Utility 2 | . . . 2 Weapon 5 | . . 2 3 Highest Loss Streak 7 | . . 1 7 To Critical Strikes . | . . . . Average Slot Usage (%) 81 | . 95 87 77 Engine 16 | . 14 15 16 Treads 2 | . . . 3 Leg 14 | . 28 22 8 Device 9 | . 9 11 8 Storage 11 | . 14 11 11 Protection 6 | . . 6 8 Energy Gun 13 | . 28 14 10 Ballistic Cannon 3 | . . 6 3 Impact Weapon 1 | . . . 2 Naked Turns . | . . . . Heaviest Build 24 | 13 14 24 24 Greatest Support 20 | 20 20 20 20 Greatest Overweight (x) 7 | 1 . 1 7 Average Overweight (x) . | . . . 1 Largest Inventory Capacity 8 | 8 8 8 8 Average Capacity 7 | 7 8 8 8 Most Carried 8 | 2 3 7 8 Average Carried 5 | . 1 4 7 Final Capacity 8 | 8 8 8 8 Final Carried 6 | . 2 6 4 Class Distribution -------------------- 55% | Scavenger-Mutant 44% | Mutant Dominant Class ---------------- Mutant | -10/Materials Mutant | -9/Materials Scavenger-Mutant | -9/Storage Resources | -11 -10 -9 -9 ----------- Run | Yrd Mat Mat Sto Matter Collected 675 | 135 53 160 327 Remotely . | . . . . Salvage Created 716 | . 80 269 367 Parts 44 | . 5 13 26 Haulers Intercepted . | . . . . Recyclers Shooed . | . . . . Parts Field Recycled . | . . . . Retrieved Matter . | . . . . Parts Self-Destructed . | . . . . Prevented . | . . . . Kills | -11 -10 -9 -9 ------- Run | Yrd Mat Mat Sto Combat Hostiles Destroyed 21 | . 2 6 13 Melee 2 | . . . 2 Guns 16 | . 1 5 10 Cannons 2 | . . 1 1 AOE 1 | . 1 . . Classes Destroyed 3 | . 1 1 1 Swarmer 6 | . . . 6 Grunt 9 | . 2 4 3 Sentry 6 | . . 2 4 Best Kill Streak 6 | . 1 6 5 Combat Bots Only 6 | . 1 6 5 Max Kills in Single Turn 1 | . 1 1 1 Gunslinging . | . . . . Exploded 1 | . 1 . . Melee 1 | . . . 1 Uniques/NPCs Destroyed . | . . . . Combat | -11 -10 -9 -9 -------- Run | Yrd Mat Mat Sto Hostile Shots Fired 154 | . 6 23 125 Missed 26 | . 2 2 22 Damage Taken 1746 | . 84 274 1388 Core 405 | . . 28 377 Absorbed by Shields . | . . . . Core Remaining (%) 100 | 100 100 . . Volleys Fired 62 | . 4 17 41 Largest 2 | . 2 2 2 Hottest 112 | . 80 96 112 Shots Fired 115 | . 8 33 74 Gun 93 | . 8 31 54 Cannon 16 | . . 2 14 Launcher 6 | . . . 6 Special . | . . . . Kinetic 16 | . . 2 14 Thermal 83 | . 4 25 54 Explosive 6 | . . . 6 Electromagnetic 10 | . 4 6 . Robot Hit Streak 10 | . 3 10 10 Robot Miss Streak 3 | . 1 2 3 Penetration Max . | . . . . Secondary Targets . | . . . . Shots Hit Robots 77 | . 5 21 51 Core Hits 30 | . 3 11 16 Critical Kills . | . . . . Critical Parts Destroyed 1 | . . . 1 Critical Strikes 4 | . . 1 3 Burn 3 | . . 1 2 Smash 1 | . . . 1 Melee Attacks 27 | . . . 27 Impact 25 | . . . 25 Slashing 2 | . . . 2 Piercing . | . . . . Sneak Attacks . | . . . . Combat Hostiles . | . . . . Follow-up Attacks . | . . . . Damage Inflicted 1242 | . 93 270 879 Guns 802 | . 52 252 498 Cannons 149 | . . 18 131 Explosions 80 | . 41 . 39 Melee 211 | . . . 211 Ramming . | . . . . Kinetic 149 | . . 18 131 Thermal 752 | . 65 189 498 Explosive 39 | . . . 39 Electromagnetic 91 | . 28 63 . Impact 162 | . . . 162 Slashing 49 | . . . 49 Piercing . | . . . . Highest Corruption 1 | . 1 . . Average Corruption 1 | . 1 . . Corruption Purged . | . . . . Corruption Blocked . | . . . . Overload Shots . | . . . . Overflow Damage 49 | . . . 49 Projectiles . | . . . . Explosions . | . . . . Melee 49 | . . . 49 Knockbacks . | . . . . Impact . | . . . . Kinetic . | . . . . Secondary . | . . . . Self-Inflicted Damage 162 | . 39 . 123 Shots 6 | . 1 . 5 Rammed . | . . . . Targets Rammed . | . . . . Kicked . | . . . . Crushed . | . . . . Highest Temperature 543 | . 54 397 543 Average Temperature 206 | . 29 188 228 Received Heat Transfer 525 | . 24 135 366 Effects 18 | . . 1 17 Shutdowns 2 | . . . 2 Energy Bleed 4 | . . 1 3 Interference 3 | . . . 3 Matter Decay 2 | . . . 2 Damage (minor) 2 | . . . 2 Damage (major) 4 | . . . 4 Damage (core) 1 | . . . 1 Siege Activations . | . . . . Robots Corrupted . | . . . . Combat Hostiles . | . . . . Parts Fried . | . . . . Impact Corruptions 2 | . . . 2 Robots Melted . | . . . . Combat Hostiles . | . . . . Parts Melted 2 | . . 1 1 Heat Transferred 1859 | . 50 545 1264 Parts Sabotaged . | . . . . Parts Stolen . | . . . . Parts Stripped . | . . . . Power Chain Reactions 1 | . 1 . . Alert | -11 -10 -9 -9 ------- Run | Yrd Mat Mat Sto Peak Influence 195 | . 86 195 175 Initial 35 | . . 35 . Average 61 | . 43 115 48 Maximum Alert Level . | . . . . Low Security (%) 100 | 100 100 100 100 Level 1 . | . . . . Level 2 . | . . . . Level 3 . | . . . . Level 4 . | . . . . Level 5 . | . . . . High Security . | . . . . Max Security . | . . . . Squads Dispatched 5 | . 1 3 1 Investigation 1 | . . 1 . Extermination . | . . . . Reinforcement 4 | . 1 2 1 Assault . | . . . . Garrison . | . . . . Intercept . | . . . . Searches Triggered . | . . . . Construction Impeded . | . . . . Haulers Reinforced . | . . . . Active Scanning Responses . | . . . . Cargo Convoy Interrupts . | . . . . Stealth | -11 -10 -9 -9 --------- Run | Yrd Mat Mat Sto Distress Signals 7 | . . 4 3 Communications Jammed . | . . . . Distress Signals . | . . . . Times Spotted 36 | . 4 10 22 Peak Tracking Total 7 | . 2 6 7 Tactical Retreats 2 | . 1 . 1 Traps | -11 -10 -9 -9 ------- Run | Yrd Mat Mat Sto Traps Triggered 1 | . 1 . . Indirectly . | . . . . Trap Hack Attempts . | . . . . Triggered . | . . . . Disarmed . | . . . . Reprogrammed . | . . . . Reused . | . . . . Traps Extracted . | . . . . Installed . | . . . . Triggered . | . . . . Machines | -11 -10 -9 -9 ---------- Run | Yrd Mat Mat Sto Machines Disabled 3 | . . . 3 Max in Single Turn 2 | . . . 2 Machines Repaired . | . . . . Machines Dismantled . | . . . . Machines Sabotaged . | . . . . Overloaded Fab Kills . | . . . . Hacking | -11 -10 -9 -9 --------- Run | Yrd Mat Mat Sto Machines Accessed 9 | . 5 . 4 Terminals 7 | . 5 . 2 Fabricators . | . . . . Repair Stations 1 | . . . 1 Recycling Units 1 | . . . 1 Scanalyzers . | . . . . Garrison Access . | . . . . Total Hacks 13 | . 7 . 6 Successful 8 | . 4 . 4 Failed 5 | . 3 . 2 Catastrophic . | . . . . Database Lockouts . | . . . . Manual . | . . . . Terminals 10 | . 7 . 3 Fabricators . | . . . . Repair Stations 2 | . . . 2 Recycling Units 1 | . . . 1 Scanalyzers . | . . . . Garrison Access . | . . . . Terminal Hacks 6 | . 4 . 2 Record 5 | . 4 . 1 Zone Layout 1 | . . . 1 Fabricator Hacks . | . . . . Repair Station Hacks 1 | . . . 1 Scan Component 1 | . . . 1 Recycling Unit Hacks 1 | . . . 1 Report Inventory 1 | . . . 1 Scanalyzer . | . . . . Garrison Access Hacks . | . . . . Unauthorized Hacks . | . . . . Terminals . | . . . . Fabricators . | . . . . Repair Stations . | . . . . Recycling Units . | . . . . Scanalyzers . | . . . . Garrison Access . | . . . . Data Cores Recovered . | . . . . Used . | . . . . Hacking Detections 3 | . 2 . 1 Full Trace Events . | . . . . Feedback Events . | . . . . Feedback Blocked . | . . . . Robot Schematics Acquired . | . . . . Robots Built . | . . . . Authchips . | . . . . Time . | . . . . Total Robot Build Rating . | . . . . Part Schematics Acquired . | . . . . Parts Built . | . . . . Authchips . | . . . . Time . | . . . . Total Part Build Rating . | . . . . Parts Repaired . | . . . . Time . | . . . . Parts Recycled . | . . . . Recycled Matter . | . . . . Retrieved Matter . | . . . . Retrieved Components . | . . . . Parts Scanalyzed . | . . . . Part Schematics Acquired . | . . . . Parts Damaged . | . . . . Bothacking | -11 -10 -9 -9 ------------ Run | Yrd Mat Mat Sto Used RIF Installer . | . . . . Robots Hacked . | . . . . Non-combat . | . . . . Combat . | . . . . Robot Hacks Applied . | . . . . Relay Couplers Released . | . . . . Fabnet Peak Effective % . | . . . . Robots Rewired . | . . . . Allies Hacked . | . . . . Hacks Repelled . | . . . . Allies | -11 -10 -9 -9 -------- Run | Yrd Mat Mat Sto Total Allies . | . . . . Largest Group . | . . . . Highest-Rated Group . | . . . . Highest-Rated Ally . | . . . . Total Orders . | . . . . Ally Attacks . | . . . . Total Damage . | . . . . Kills . | . . . . Allies Corrupted . | . . . . Allies Melted . | . . . . Intel | -11 -10 -9 -9 ------- Run | Yrd Mat Mat Sto Robot Analysis Total . | . . . . Derelict Logs Recovered . | . . . . Drone Launches . | . . . . Drone Recoveries . | . . . . Exploration | -11 -10 -9 -9 ------------- Run | Yrd Mat Mat Sto Turns Passed 1951 | 53 216 433 1249 Spaces Moved 893 | 35 142 221 495 Core 149 | 3 . . 146 Treads 135 | . . . 135 Legs 580 | 32 142 221 185 Wheels . | . . . . Hover 29 | . . . 29 Flight . | . . . . Fastest Speed 50 | 50 120 120 56 Average Speed 163 | 120 120 147 185 Slowest Speed 400 | 190 120 190 400 Overloaded Moves . | . . . . Propulsion Burnouts . | . . . . Robots Hopped . | . . . . Cave-ins Triggered . | . . . . Exploration Rate (%) 32 | 4 24 21 80 Regions Visited 3 Branch Regions 1 Pre-discovered Areas . | . . . . Known Exits Taken . | . . . . Unknown Exits Taken 3 | 1 1 1 . Scrap Searched . | . . . . Spaces Dug 8 | . . . 8 Terrain Destroyed 28 | . 3 . 25 Melee . | . . . . Projectile . | . . . . AOE 28 | . 3 . 25 Terrain Rammed . | . . . . Walls Destroyed . | . . . . Machines Disabled . | . . . . Actions | -11 -10 -9 -9 --------- Run | Yrd Mat Mat Sto Total 1227 | 46 179 298 704 Wait 168 | . 30 37 101 Move 890 | 34 141 220 495 Hop . | . . . . Pick Up 30 | 6 3 12 9 Fast Attach 1 | . . . 1 Attach 25 | 6 1 7 11 Detach 4 | . . . 4 Swap 11 | . . 1 10 Drop 10 | . . 4 6 Fire 62 | . 4 17 41 Melee 26 | . . . 26 Ram . | . . . . Kick . | . . . . Crush . | . . . . Escape Stasis . | . . . . Rewire . | . . . . Trap . | . . . . Miscellaneous . | . . . . Route ------- -11/Scrapyard -10/Materials -9/Materials (discovered 2 exits: [*Min] / *Sto) -9/Storage (discovered 2 exits: [*Mat] / [Rec]) History --------- Turn | Location | Event 17 | -11/Scrapyard | Discovered new exit (range 15) 54 | -11/Scrapyard | Entered Materials 237 | -10/Materials | Discovered new exit (range 7) 270 | -10/Materials | Entered another Materials area 270 | -9/Materials | Evolved 2 slots: Power x1, Utility x1 313 | -9/Materials | Build established: Mutant 510 | -9/Materials | Discovered new exit (range 10) 693 | -9/Materials | Discovered new exit (range 4) 703 | -9/Materials | Entered Storage 816 | -9/Storage | Build established: Scavenger-Mutant 1097 | -9/Storage | Discovered new exit (range 7) 1679 | -9/Storage | Core integrity fell below 50% 1723 | -9/Storage | Lost 7 parts (2p2n2u1w) 1762 | -9/Storage | Discovered new exit (range 15) 1928 | -9/Storage | Core integrity fell below 20% 1952 | -9/Storage | Destroyed by Y-45 Defender with Heavy Assault Rifle Last Messages --------------- 01829_ Acquired 10 matter. 01832_ Dropped Imp. Medium Laser. 01833_ Dropped Particle Gun. 01833_ Dropped Imp. Medium Laser. 01839_ K-01 Serf cleans the Component Storage. 01841_ R-06 Scavenger collects Lgt. Armor Plating. 01846_ R-06 Scavenger collects Imp. Medium Laser. 01874_ R-06 Scavenger inserts Heat Sink into recycling unit. 01875_ Recycling unit begins recycling process. 01877_ R-06 Scavenger inserts Beam Rifle into recycling unit. 01883_ Acquired Imp. Hover Unit. 01915_ Imp. Hover Unit destroyed. 01915_ Mining Claw destroyed. 01921_ Imp. Hover Unit destroyed. 01924_ Grenade Launcher destroyed. 01932_ The unstable cave ceiling collapses. Map ----- +----------------------------------------------------+ | | | | | | | | | | | | | | | | | | | | | | | | | | | | | | | | | | | | | | | | | | | ???????????????????????????????????????########### | | ???????????????????????????????????????# # | | #???????????????????????????????###????# # | | #??#############################T###### # | | #??# @ % + # | | #### ##### ########+##+#####+########+##### | | # ## #???# # # [![= ??# # | | #???# + # """""[ #?# + | | ##### #???# # # """"" #?# # | | #??# #???# # # """"" ## # ### | | #??# #???# # # !### # #?? | | #??# #???# # # """"" #?# # #?? | | # ####+##### # # """"" #?# # #?? | | ## ## # + # ????? #?# # #?? | | ?# ## # # #?????? #?# =! # +?? | | ?# ## # ##########+#########+##### #?? | | ?# ## ! # #?? | | ? # + #?? | | ? + # #?? | | ? # ###+#+######"Y"#T##### #########+##?? | | ?+### #????????????????????# #???????? ?? | | ????# #????????????????????#%#????????"?? | | ????##########????????????????????# #????????????? | | ??????????????????????????????????# #????????????? | | ????????????????????????????????###+######???????? | | ????????????????????????????????# #???????? | | ????????????????????????????????# #???????? | | ????????????????????????????????# """" #???????? | | ????????????????????????????????# "???" #???????? | +----------------------------------------------------+ Best States ------------- Heat Dissipation 28 Energy Generation 15 Energy Capacity 400 Matter Stores 300 Matter Capacity 300 Sight Range 16 Terrain Scan Density 10 Armor Coverage 150 Evasion (%) 55 Recoil Reduction 1 Item Schematics ----------------- None Robot Schematics ------------------ None Fabricated ------------ Nothing Alien Tech Used ----------------- None Achievements -------------- None Challenges ------------ None Game ------ Seed RecyclingForceScreen Manual? 0 Play Time 00:32:26 Cumulative 7.5 hours Start 2024.06.16 @ 17:44:52 End 2024.06.16 @ 19:17:25 Sessions 3 Manual Loads 0 Difficulty Rogue Special Mode None Game No. 27 Rogue 25 Adventurer 1 Explorer 1 Win Type - Total 0 Types 0/0/0/0/0/0/0/0/0 Lore% 15 Gallery% 8 Achievement% 16 Wizard Run 0 Options --------- Layout 1 ASCII 0 Keyboard 0 Movement Mouse Keybinds 0 Fullscreen 0 Font 20/SmallcapsGlow Map View 50x35 Zoom Use 0% Tactical HUD 1 Map Filters NONE Filters NONE Steam 1 RUN: 6f7fe2f4-89df-4dc7-812f-bbd22d4a016b